 Dungeon Crawl Stone Soup version 0.24-a0-243-g8f5f5cd (webtiles) character file.

Game seed: 3256055241717809279

5275 xeno23 the Covert (level 10, -2/67 (69) HPs)
             Began as an Octopode Assassin on Apr 8, 2019.
             Was a Believer of Uskayaw.
             Slain by a flying skull (13 damage)
             ... in a Gauntlet on Apr 9, 2019.
             The game lasted 00:37:40 (8965 turns).

xeno23 the Covert (Octopode Assassin)               Turns: 8965, Time: 00:37:41

HP:   -2/67 (69)    AC:  1    Str: 11    XL:     10   Next: 63%
MP:   14/14         EV: 13    Int: 17    God:    Uskayaw [**....]
Gold: 212           SH:  0    Dex: 15    Spells: 9/15 levels left

rFire    . . .     SeeInvis .   (no weapon)
rCold    . . .     Gourm    .   (no shield)
rNeg     . . .     Faith    .   (helmet restricted)
rPois    +         Spirit   .   (no amulet)
rElec    .         Reflect  .   w - ring of poison resistance
rCorr    .         Harm     .   B - ring of flight
MR       .....     NoTele   +   (no ring)
Stlth    ++++++....             (no ring)
HPRegen  0.21/turn              (no ring)
MPRegen  0.14/turn              (no ring)
                                (no ring)
                                (no ring)

@: very slightly contaminated, invisible
A: almost no armour, stealthy swim, amphibious, 8 rings, constrict 8, camouflage
1, clever 1, sense surroundings 1, gelatinous body 1
a: Stomp, Line Pass, Renounce Religion, Evoke Flight


You were in a Gauntlet.
You worshipped Uskayaw.
Uskayaw was noncommittal.
You were very hungry.

You visited 3 branches of the dungeon, and saw 10 of its levels.
You also visited: Sewer and Gauntlet.

You collected 457 gold pieces.
You spent 245 gold pieces at shops.

Inventory:

Hand Weapons
 a - a +2 dagger
 b - the +1 dagger of Oschimotu {drain, *Slow rElec Str+8}
   (You found it on level 4 of the Dungeon)

   A truly terrible weapon, it drains the life of those it strikes.
   It affects your strength (+8).
   It insulates you from electricity.
   It may slow you when you take damage.
 s - a +0 blowgun
 y - a +2 hand axe of venom
 E - a +1 whip of electrocution
Missiles
 c - 29 poisoned needles
 d - 2 curare-tipped needles
Jewellery
 w - a ring of poison resistance (left tentacle)
 B - a ring of flight (right tentacle)
 I - an uncursed amulet of the gourmand {unknown}
Wands
 q - a wand of clouds (4)
 u - a wand of polymorph (22)
 x - a wand of enslavement (4)
 z - a wand of iceblast (18)
 H - a wand of random effects (7)
Scrolls
 e - a scroll of identify
 g - 2 scrolls of immolation {unknown}
 h - a scroll of fear {unknown}
 i - 3 scrolls of enchant weapon {unknown}
 j - 6 scrolls of teleportation
 k - 3 scrolls of blinking {unknown}
 l - 2 scrolls of random uselessness {unknown}
 n - 3 scrolls of noise {unknown}
 r - a scroll of amnesia {unknown}
 t - 4 scrolls of remove curse
 v - a scroll of magic mapping {unknown}
 C - a scroll of enchant armour {unknown}
Potions
 m - 2 potions of curing
 o - 4 potions of lignification
 A - a potion of ambrosia
 D - a potion of degeneration {unknown}
 F - 3 potions of might
 G - a potion of berserk rage {unknown}
Comestibles
 f - 12 rations


   Skills:
 + Level 6.9 Fighting
 * Level 9.6 Short Blades
 - Level 2.0 Throwing
 - Level 1.0 Dodging
 + Level 10.5 Stealth
 + Level 3.0 Spellcasting
 + Level 4.9 Transmutations
 + Level 4.9 Earth Magic


You had 9 spell levels left.
You knew the following spells:

 Your Spells              Type           Power        Failure   Level  Hunger
a - Petrify               Tmut/Erth      ###.....     22%         4    ####...
s - Passwall              Tmut/Erth      ###.....     3%          2    ##.....

Your spell library contained the following spells:

 Spells                   Type           Power        Failure   Level  Hunger
 Sandblast                Erth           ###...       2%          1    None
 Stone Arrow              Conj/Erth      ##....       19%         3    ###....
 Lee's Rapid Deconstruct  Erth           ###.......   54%         5    ######.


Dungeon Overview and Level Annotations

Branches:
Dungeon (8/15)             Temple (1/1) D:5            Lair (1/6) D:8

Altars:
Ashenzari
Cheibriados
Dithmenos
Elyvilon
Fedhas
Gozag
Hepliaklqana
Kikubaaqudgha
Makhleb
Nemelex Xobeh
Okawaru
Qazlal
Sif Muna
Trog
Uskayaw
Vehumet
Wu Jian
Xom
Yredelemnul
Zin
The Shining One

Shops:
D:5 *   D:8 }

Annotations:
D:7 exclusion: two-headed ogre Gauntlet 13 transporters, 21 runed translucent doors


Innate Abilities, Weirdness & Mutations

You cannot wear most types of armour.
You are very stealthy in the water. (Stealth+)
You are amphibious.
You can wear up to eight rings at the same time.
You can use your tentacles to constrict eight enemies at once.
Your skin changes colour to match your surroundings (Stealth+).
Your rubbery body absorbs attacks. (AC +1, EV +1)
Your mind is acute. (Int +2)
You passively map a small area around you.


Message History

Press: ? - help, v - describe, . - travel
Here: a flying skull (water) Some deep water.
You fade into invisibility!
The flying skull barely misses you.
The flying skull hits you but does no damage.
The flying skull hits you.
* * * LOW HITPOINT WARNING * * *
The flying skull hits you!
* * * LOW HITPOINT WARNING * * *
The flying skull barely misses you.
You are very lightly contaminated with residual magic.
You take 11 damage.
Okay, then.
You cannot move.
You catch the helpless flying skull completely off-guard!
You hit the flying skull but do no damage.
You feel less wooden. The flying skull hits you!
You die...

#8#........#.######
#####........#.#.....
###≈.....#######.######
#8#......#©...........©
###..##################
#..#.^≈?©..≈§#.#.5..©
###..#.≈...≈^≈.#.#3##..
#8#..#.z≈^.^≈..#.#5#.##
###..#@z^≈≈≈.≈.#.#5.##.
#..#zz.≈©≈.≈≈#.#....©
###..#≈.≈...≈..#.#5.##.
#8#..#.≈.≈≈.≈≈§#.#.#.##
###..#.≈..≈..≈§#.#.##..
#..#..≈≈...≈.#.#.4...
###..##################
#8#......#©...........©
###§.....#######.######


You could see 4 flying skulls.

Vanquished Creatures
  Pikel (D:6)
  A flying skull (Gauntlet)
  Grinder (D:4)
  A spriggan (D:8)
  A neqoxec (Gauntlet)
  3 chaos spawn (Gauntlet)
  2 porcupines (Lair:1)
  An ice beast (D:8)
  3 orc warriors
  A phantom (D:4)
  A necrophage (D:7)
  2 slaves (D:7)
  2 ogres
  2 centaurs
  A big kobold (D:4)
  6 bullfrogs
  5 scorpions
  9 killer bees
  7 wights (D:8)
  2 howler monkeys (D:8)
  4 crimson imps
  A bullfrog zombie (D:5)
  A hound (D:8)
  6 orc priests
  10 orc wizards
  Jessica (D:2)
  Terence (D:2)
  2 iguanas
  6 worker ants
  A killer bee zombie (D:7)
  2 river rats (D:6)
  14 adders
  12 oozes
  An adder skeleton (D:8)
  4 worms
  6 dart slugs
  19 leopard geckos
  23 orcs
  11 ball pythons
  22 giant cockroaches
  6 goblins
  11 hobgoblins
  18 jackals
  4 quokkas
  6 bats
  18 frilled lizards
  11 kobolds
  A leopard gecko skeleton (D:8)
  2 leopard gecko zombies
  A quokka skeleton (D:8)
  10 rats
287 creatures vanquished.

Vanquished Creatures (others)
  A howler monkey skeleton (D:7)
  An orc (D:7)
2 creatures vanquished.

Grand Total: 289 creatures vanquished

Notes
Turn   | Place    | Note
-------+----------+-------------------------------------------
     0 | D:1      | xeno23 the Octopode Assassin began the quest for the Orb.
     0 | D:1      | Reached XP level 1. HP: 14/14 MP: 1/1
    98 | D:1      | Reached XP level 2. HP: 19/19 MP: 2/2
   438 | D:1      | Reached XP level 3. HP: 25/25 MP: 3/3
   999 | D:2      | Found a faded altar of an unknown god.
  1018 | D:2      | Reached XP level 4. HP: 25/30 MP: 4/4
  1038 | D:2      | Found a snail-covered altar of Cheibriados.
  1040 | D:2      | Reached skill level 6 in Stealth
  1100 | D:2      | Noticed Terence
  1111 | D:2      | Killed Terence
  1140 | D:2      | Noticed Jessica
  1143 | D:2      | Killed Jessica
  1143 | D:2      | Reached XP level 5. HP: 19/36 MP: 5/5
  2222 | D:4      | Found an iron altar of Okawaru.
  2222 | D:4      | Found a blossoming altar of Fedhas.
  2233 | D:4      | Reached XP level 6. HP: 42/42 MP: 6/6
  2280 | D:4      | Noticed a phantom
  2285 | D:4      | Killed a phantom
  2285 | D:4      | Reached skill level 7 in Stealth
  2348 | D:4      | Reached skill level 5 in Short Blades
  2352 | D:4      | Got a crude dagger
  2354 | D:4      | Identified the +1 dagger of Oschimotu {drain, *Slow rElec
                  | Str+8} (You found it on level 4 of the Dungeon)
  2650 | D:4      | Reached XP level 7. HP: 47/47 MP: 7/7
  2662 | D:4      | Noticed Grinder
  2667 | D:4      | Killed Grinder
  2902 | D:4      | Learned a level 2 spell: Passwall
  3132 | D:5      | Entered Level 5 of the Dungeon
  3217 | D:5      | Reached skill level 8 in Stealth
  3271 | D:5      | Found an opulent altar of Gozag.
  3306 | D:5      | Found a staircase to the Ecumenical Temple.
  3326 | D:5      | Found an ornate altar of the Wu Jian Council.
  3334 | Temple   | Entered the Ecumenical Temple
  3475 | Temple   | Became a worshipper of Uskayaw the Reveler
  3493 | D:5      | Reached * piety under Uskayaw
  3494 | D:5      | Reached ** piety under Uskayaw
  3497 | D:5      | Reached *** piety under Uskayaw
  3498 | D:5      | Reached XP level 8. HP: 22/54 MP: 8/8
  3833 | D:5      | Reached skill level 1 in Earth Magic
  3842 | D:5      | Reached skill level 1 in Transmutations
  3988 | D:5      | Found Qisuogh's Assorted Antiques.
  3998 | D:5      | Bought 2 cyan potions for 41 gold pieces
  3998 | D:5      | Bought a bubbling purple potion for 20 gold pieces
  4120 | D:5      | Found a hide-covered altar of Uskayaw.
  4341 | D:6      | Reached skill level 5 in Fighting
  4513 | D:6      | Found a glowing drain.
  4535 | Sewer    | Entered a sewer
  4646 | Sewer    | Reached **** piety under Uskayaw
  4866 | Sewer    | Reached ***** piety under Uskayaw
  4992 | D:5      | Bought a scroll of identify for 46 gold pieces
  4992 | D:5      | Bought a scroll of identify for 46 gold pieces
  4992 | D:5      | Bought a scroll of identify for 46 gold pieces
  4992 | D:5      | Bought a scroll labeled PAKEOF ZAZEUD for 23 gold pieces
  4992 | D:5      | Bought a scroll labeled TUDORA RITS for 23 gold pieces
  5354 | D:7      | Noticed Pikel
  5450 | D:6      | Killed Pikel
  5450 | D:6      | Reached skill level 9 in Stealth
  5450 | D:6      | Reached XP level 9. HP: 57/62 MP: 9/9
  5904 | D:7      | Noticed a two-headed ogre
  5936 | D:7      | Gained mutation: Your magical capacity is low. (-10% MP)
                  | [potion of mutation]
  5936 | D:7      | Gained mutation: Your body sometimes deteriorates upon
                  | taking damage. [potion of mutation]
  5936 | D:7      | Gained mutation: You have a pair of small antennae on your
                  | head. [potion of mutation]
  5937 | D:7      | Lost mutation: You have a pair of small antennae on your
                  | head. [potion of mutation]
  5937 | D:7      | Lost mutation: Your magical capacity is low. (-10% MP)
                  | [potion of mutation]
  5937 | D:7      | Gained mutation: You are dopey. (Int -2) [potion of
                  | mutation]
  5937 | D:7      | Gained mutation: You passively map a small area around you.
                  | [potion of mutation]
  5938 | D:7      | Lost mutation: Your body sometimes deteriorates upon taking
                  | damage. [potion of mutation]
  5938 | D:7      | Lost mutation: You are dopey. (Int -2) [potion of mutation]
  5938 | D:7      | Gained mutation: You are dopey. (Int -2) [potion of
                  | mutation]
  5938 | D:7      | Lost mutation: You are dopey. (Int -2) [potion of mutation]
  5938 | D:7      | Gained mutation: Your mind is acute. (Int +2) [potion of
                  | mutation]
  5944 | D:7      | Learned a level 4 spell: Petrify
  6055 | D:7      | Reached skill level 1 in Spellcasting
  6793 | D:8      | Reached XP level 10. HP: 40/67 MP: 12/12
  6800 | D:8      | Reached skill level 10 in Stealth
  6931 | D:8      | Found Vusyxof's Gadget Boutique.
  7363 | D:8      | Found a staircase to the Lair.
  8340 | Lair:1   | Entered Level 1 of the Lair of Beasts
  8385 | Lair:1   | Found a gate leading to a gauntlet.
  8435 | Gauntlet | Entered a Gauntlet
  8435 | Gauntlet | Found a transporter.
  8435 | Gauntlet | Found a transporter.
  8440 | Gauntlet | Found a transporter.
  8449 | Gauntlet | Found a transporter.
  8458 | Gauntlet | Found a transporter.
  8467 | Gauntlet | Found a large runed translucent door.
  8468 | Gauntlet | Found a large runed translucent door.
  8469 | Gauntlet | Found a large runed translucent door.
  8469 | Gauntlet | Found a large runed translucent door.
  8469 | Gauntlet | Found a large runed translucent door.
  8479 | Gauntlet | Found a transporter.
  8492 | Gauntlet | Found a transporter.
  8507 | Gauntlet | Found a transporter.
  8521 | Gauntlet | Found a transporter.
  8534 | Gauntlet | Found a transporter.
  8550 | Gauntlet | Noticed a blizzard demon
  8551 | Gauntlet | Found a transporter.
  8568 | Gauntlet | Noticed a rust devil
  8639 | Gauntlet | Found a transporter.
  8646 | Gauntlet | Found a large runed translucent door.
  8647 | Gauntlet | Found a large runed translucent door.
  8648 | Gauntlet | Found a runed translucent door.
  8648 | Gauntlet | Found a runed translucent door.
  8648 | Gauntlet | Found a large runed translucent door.
  8648 | Gauntlet | Found a large runed translucent door.
  8649 | Gauntlet | Found a large runed translucent door.
  8652 | Gauntlet | Found a large runed translucent door.
  8652 | Gauntlet | Found a large runed translucent door.
  8653 | Gauntlet | Found a large runed translucent door.
  8653 | Gauntlet | Found a large runed translucent door.
  8653 | Gauntlet | Found a large runed translucent door.
  8653 | Gauntlet | Found a large runed translucent door.
  8656 | Gauntlet | Found a runed translucent gate.
  8656 | Gauntlet | Found a runed translucent gate.
  8656 | Gauntlet | Found a runed translucent gate.
  8657 | Gauntlet | Noticed a catoblepas
  8657 | Gauntlet | Noticed a gargoyle
  8658 | Gauntlet | Found a transporter.
  8668 | Gauntlet | Noticed a gargoyle
  8672 | Gauntlet | Found a transporter.
  8687 | Gauntlet | Noticed a ghost crab
  8775 | Gauntlet | Found a transporter.
  8799 | Gauntlet | Found a transporter.
  8819 | Gauntlet | Upgraded the game from 0.24-a0-235-g3f03afc to
                  | 0.24-a0-243-g8f5f5cd
  8965 | Gauntlet | Slain by a flying skull

Levels and vault maps discovered:
D:1:      dpeg_arrival_radiant, layout_basic, serial_glass, glass_columns_a,
          glass_columns_a
D:2:      cheibrodos_old_hovel, layout_loops_corners, kennysheep_slug_shrine,
          chequers_ecumenical_altar_simple_redux, uniq_terence, uniq_jessica
D:3:      minmay_angry_zag, layout_basic
D:4:      cheibrodos_thug_alley, layout_loops_cross, fedhas_altar_2,
          okawaru_gym_becter, hangedman_decor_lopped, uniq_grinder
D:5:      layout_basic, nicolae_overflow_hidden_temple,
          nicolae_gozag_cash_rules_everything_around_me, temple_pool_b,
          basic_altar, serial_shops, nicolae_shop_behind_doors, first_ration
D:6:      layout_loops_ring, portal_sewer_entry_c
D:7:      layout_loops_corners, uniq_pikel
D:8:      minmay_spotlight, layout_basic, lair_entry_dummy, serial_shops,
          kennysheep_mini, the_bakery
Temple:   regret_index_temple_sphere_string
Lair:1:   layout_regular_city, gauntlet_entry_generic, beast_lair_carwin_5,
          grunt_megastairs_2
Sewer:    sewer_frog_island_02
Gauntlet: gammafunk_gauntlet_branching [nicolae_gauntlet_arena_t_cross,
          nicolae_gauntlet_arena_x, minmay_gauntlet_arena_make_your_own_arena,
          gammafunk_gauntlet_arena_spirals, gammafunk_gauntlet_arena_corners,
          nicolae_gauntlet_arena_flowing_pool, nicolae_gauntlet_swirl,
          gammafunk_gauntlet_arena_split_diamond, gauntlet_exit_hidden_loot]

Skill      XL: |  1  2  3  4  5  6  7  8  9 10 |
---------------+-------------------------------+-----
Short Blades   | 3 4 5 6 8 9 |  9.6
Stealth        | 6 7 8 9 10 | 10.5
Fighting       | 3 4 5 6 |  6.9
Earth Magic    | 3 4 |  4.9
Transmutations | 3 4 |  4.9
Spellcasting   | 1 3 |  3.0
Throwing       | |  2.0
Dodging        | |  1.0

Action                   |  1- 3 |  4- 6 |  7- 9 | 10-12 || total
-------------------------+-------+-------+-------+-------++-------
Melee: Dagger            |    49 |   122 |   331 |   126 ||   628
       Constrict         |    10 |    26 |    65 |    23 ||   124
       Tentacles         |     9 |    24 |    75 |    38 ||   146
       Unarmed           |       |       |       |    18 ||    18
       Whip              |       |       |       |    14 ||    14
 Fire: Blowgun           |       |       |     6 |       ||     6
 Cast: Petrify           |       |       |       |     1 ||     1
Evoke: Wand              |       |       |       |     1 ||     1
  Use: Scroll            |       |       |     7 |     1 ||     8
       Potion            |       |       |     3 |     2 ||     5
 Stab: Sleeping          |    11 |    24 |    37 |     1 ||    73
       Distracted        |       |     1 |     4 |     1 ||     6
       Paralysed         |       |       |    12 |     5 ||    17
       Confused          |       |       |       |     3 ||     3
       Invisible         |       |       |       |     1 ||     1
       Petrified         |       |       |       |     1 ||     1
  Eat: Chunk             |       |     4 |    11 |     6 ||    21
       Ration            |       |       |     1 |       ||     1
Armor: Skin              |     3 |     7 |    13 |   104 ||   127
Dodge: Dodged            |    14 |    62 |   123 |    52 ||   251

Table legend:
 A = Non-vault XP
 B = Vault XP
 C = Vault XP percentage of total XP
 D = Non-vault monster count
 E = Vault monster count
 F = Vault count percentage of total count
                 A         B        C        D         E       F
            +---------+---------+-------+---------+---------+-------
      Total |    4825 |    2712 |  36.0 |     191 |      94 |  33.0
            +---------+---------+-------+---------+---------+-------
        D:1 |      34 |       0 |   0.0 |      19 |       0 |   0.0
        D:2 |     105 |      80 |  43.2 |      24 |       4 |  14.3
        D:3 |      62 |       9 |  12.7 |      24 |       2 |   7.7
        D:4 |     418 |     352 |  45.7 |      18 |      12 |  40.0
        D:5 |     558 |       0 |   0.0 |      28 |       0 |   0.0
        D:6 |     287 |     725 |  71.6 |       7 |       8 |  53.3
        D:7 |     886 |       0 |   0.0 |      21 |       0 |   0.0
        D:8 |    2108 |     251 |  10.6 |      47 |       3 |   6.0
     Lair:1 |     367 |       0 |   0.0 |       3 |       0 |   0.0
      Sewer |       0 |     401 | 100.0 |       0 |      60 | 100.0
   Gauntlet |       0 |     894 | 100.0 |       0 |       5 | 100.0
            +---------+---------+-------+---------+---------+-------
